 Dungeon Crawl Stone Soup version 0.23-a0-435-g79ed067 (webtiles) character file.

429 galech the Chopper (level 6, -4/48 HPs)
             Began as a Demonspawn Fighter on Nov 15, 2018.
             Slain by a slave (6 damage)
             ... led by Pikel
             ... on level 5 of the Dungeon.
             The game lasted 00:04:31 (3294 turns).

galech the Chopper (Demonspawn Fighter)             Turns: 3294, Time: 00:04:32

Health: -4/48      AC:  8    Str: 17      XL:     6   Next: 66%
Magic:  0/6        EV:  7    Int:  7 (9)  God:
Gold:   195        SH:  9    Dex: 13 (14) Spells: 5/5 levels left

rFire    . . .     SeeInvis .   a - +0 war axe
rCold    . . .     Gourm    .   c - +0 shield
rNeg     . . .     Faith    .   b - +0 scale mail
rPois    .         Spirit   +   t - +0 helmet
rElec    .         Reflect  .   j - scarf {cloud immunity}
rCorr    .         Harm     .   (no gloves)
MR       .....                  (no boots)
Stlth    ..........             e - amulet of guardian spirit
HPRegen  0.16/turn              (no ring)
MPRegen  0.10/turn              (no ring)

@: no status effects
A: claws 2
a: no special abilities


You were on level 5 of the Dungeon.
You were not hungry.

You visited 1 branch of the dungeon, and saw 5 of its levels.

You collected 195 gold pieces.

Inventory:

Hand Weapons
 a - a +0 war axe (weapon)
Armour
 b - a +0 scale mail (worn)
 c - a +0 shield (worn)
 j - a scarf of cloud immunity (worn)
 t - a +0 helmet (worn)
Jewellery
 e - an amulet of guardian spirit (around neck)
Wands
 r - a wand of digging (5)
Scrolls
 h - a scroll of enchant armour {unknown}
 l - a scroll of random uselessness {unknown}
 o - 4 scrolls of teleportation {unknown}
 u - a scroll of amnesia {unknown}
 v - a scroll of magic mapping {unknown}
Potions
 g - a potion of flight {unknown}
 i - a potion of lignification
 k - a potion of haste {unknown}
 p - a potion of degeneration
 q - a potion of brilliance {unknown}
 s - a potion of mutation {unknown}
Comestibles
 f - 6 rations


   Skills:
 + Level 4.0 Fighting
 + Level 4.4 Axes
 + Level 4.0 Armour
 + Level 1.1 Dodging
 + Level 3.6 Shields


You had 5 spell levels left.
You didn't know any spells.
Your spell library was empty.

Dungeon Overview and Level Annotations

Branches:
Dungeon (5/15)
 Temple: D:4-7

Altars:
Dithmenos
Fedhas
Qazlal
Ru
Sif Muna
Xom

Annotations:
D:5 Pikel


Innate Abilities, Weirdness & Mutations

You have very sharp fingernails.


Message History

You climb downwards.
Found a notched wooden ring.
There is a stone staircase leading up here.
You completely miss Pikel.
Pikel is heavily wounded.
You hit the slave but do no damage. You closely miss the slave.
The slave hits you. You block the slave's attack.
Pikel hits you with a +2 whip of freezing.
* * * LOW HITPOINT WARNING * * *
Pikel freezes you.
* * * LOW HITPOINT WARNING * * *
Your shield and scale mail prevent you from hitting Pikel.
Pikel is heavily wounded.
You hit the slave. x2; The slave hits you.
* * * LOW HITPOINT WARNING * * *
You block the slave's attack.
Pikel hits you with a +2 whip of freezing.
* * * LOW HITPOINT WARNING * * *
Pikel freezes you. The slave hits you.
You die...

## .# .# .#
# ##.#.#
#.#####K...#
#....p@..=#
#.#####p..##
...## #####


You could see Pikel and 2 slaves.

Vanquished Creatures
  Sigmund (D:4)
  3 orc priests
  Ijyb (D:3)
  4 adders
  2 oozes
  2 worms
  A dart slug (D:2)
  3 leopard geckos
  13 orcs
  3 bats (D:1)
  7 giant cockroaches
  5 goblins
  9 hobgoblins
  3 jackals (D:2)
  A quokka (D:3)
  9 ball pythons
  10 frilled lizards
  9 kobolds
  A leopard gecko skeleton (D:4)
  7 rats
94 creatures vanquished.

Notes
Turn   | Place    | Note
-------+----------+-------------------------------------------
     0 | D:1      | galech the Demonspawn Fighter began the quest for the Orb.
     0 | D:1      | Reached XP level 1. HP: 18/18 MP: 1/1
    75 | D:1      | Gained mutation: You have sharp fingernails. [demonic
                  | ancestry]
    75 | D:1      | Reached XP level 2. HP: 23/24 MP: 2/2
   318 | D:1      | Reached XP level 3. HP: 25/29 MP: 3/3
  1150 | D:2      | Reached XP level 4. HP: 33/35 MP: 4/4
  1466 | D:2      | Found a sacrificial altar of Ru.
  1842 | D:3      | Found a shadowy altar of Dithmenos.
  1887 | D:3      | Noticed Ijyb
  1926 | D:3      | Killed Ijyb
  1926 | D:3      | Reached XP level 5. HP: 34/41 MP: 5/5
  2293 | D:3      | Found a deep blue altar of Sif Muna.
  2296 | D:3      | Found a shimmering altar of Xom.
  2298 | D:3      | Found a stormy altar of Qazlal.
  2881 | D:4      | Found a blossoming altar of Fedhas.
  2890 | D:4      | Gained mutation: You have very sharp fingernails. [demonic
                  | ancestry]
  2890 | D:4      | Reached XP level 6. HP: 41/48 MP: 4/6
  2921 | D:4      | Noticed Sigmund
  2940 | D:4      | Killed Sigmund
  2940 | D:4      | Reached skill level 1 in Dodging
  3263 | D:4      | Noticed a slave
  3263 | D:4      | Noticed Pikel
  3263 | D:4      | Noticed a slave
  3285 | D:4      | Noticed a slave
  3286 | D:4      | Noticed a slave
  3292 | D:5      | Entered Level 5 of the Dungeon
  3294 | D:5      | HP: 2/48 [Pikel/+2 whip of freezing (5)]
  3294 | D:5      | Slain by a slave

Vault maps used:
D:1:      giann_horns
D:2:      lemuel_round_altar, first_ration, minmay_shallow_snake_nest
D:3:      minitemple, lemuel_coloured_pillars_altar, grunt_ministairs_7,
          uniq_ijyb
D:4:      kennysheep_slug_shrine, minmay_temple_entry_hall,
          small_statue_intersection, fedhas_altar_2, uniq_sigmund, uniq_pikel
D:5:      nicolae_overflow_hidden_temple, uniq_duvessa, uniq_grinder

Skill      XL: |  1  2  3  4  5  6 |
---------------+-------------------+-----
Axes           | 2 3 4 |  4.4
Armour         | 3 4 |  4.0
Shields        | 3 |  3.6
Fighting       | 4 |  4.0
Dodging        | 1 |  1.1

Action                   |  1- 3 |  4- 6 || total
-------------------------+-------+-------++-------
Melee: War axe           |   130 |   195 ||   325
  Use: Potion            |       |     5 ||     5
  Eat: Chunk             |     1 |     7 ||     8
Armor: Scale mail        |    68 |    76 ||   144
       Skin              |       |     8 ||     8
Dodge: Dodged            |    34 |    60 ||    94
Block: Shield            |    68 |    95 ||   163

Table legend:
 A = Non-vault XP
 B = Vault XP
 C = Vault XP percentage of total XP
 D = Non-vault monster count
 E = Vault monster count
 F = Vault count percentage of total count
                 A         B        C        D         E       F
            +---------+---------+-------+---------+---------+-------
      Total |     329 |     285 |  46.4 |      83 |      11 |  11.7
            +---------+---------+-------+---------+---------+-------
        D:1 |      54 |       0 |   0.0 |      30 |       0 |   0.0
        D:2 |      43 |      23 |  34.8 |      20 |       7 |  25.9
        D:3 |      91 |      39 |  30.0 |      19 |       3 |  13.6
        D:4 |     141 |     223 |  61.3 |      14 |       1 |   6.7
            +---------+---------+-------+---------+---------+-------
